 Dungeon Crawl Stone Soup version 0.24-a0-201-gf205589 (webtiles) character file.

Game seed: 4542847759510557038

21 Ijustatesigmund the Ducker (level 2, -1/21 HPs)
             Began as an Octopode Fighter on Mar 22, 2019.
             Slain by a kobold
             ... wielding a +0 club
              (3 damage)
             ... on level 1 of the Dungeon.
             The game lasted 00:01:21 (312 turns).

Ijustatesigmund the Ducker (Octopode Fighter)        Turns: 312, Time: 00:01:22

Health: -1/21      AC:  1    Str: 15    XL:     2   Next: 87%
Magic:  2/2        EV: 11    Int: 10    God:
Gold:   26         SH:  8    Dex: 11    Spells: 1/1 levels left

rFire    . . .     SeeInvis .   a - +0 war axe
rCold    . . .     Gourm    .   b - +0 shield
rNeg     . . .     Faith    .   (helmet restricted)
rPois    .         Spirit   .   (no amulet)
rElec    .         Reflect  .   (no ring)
rCorr    .         Harm     .   (no ring)
MR       .....                  (no ring)
Stlth    ++........             (no ring)
HPRegen  0.07/turn              (no ring)
MPRegen  0.08/turn              (no ring)
                                (no ring)
                                (no ring)

@: no status effects
A: almost no armour, stealthy swim, amphibious, 8 rings, constrict 8, camouflage
1, gelatinous body 1
a: no special abilities


You were on level 1 of the Dungeon.
You were not hungry.

You visited 1 branch of the dungeon, and saw 1 of its levels.

You collected 26 gold pieces.

Inventory:

Hand Weapons
 a - a +0 war axe (weapon)
Missiles
 e - a poisoned tomahawk (quivered)
Armour
 b - a +0 shield (worn)
Scrolls
 f - a scroll of magic mapping {unknown}
 i - a scroll of identify {unknown}
Potions
 c - a potion of might
 g - 2 potions of cancellation {unknown}
Comestibles
 d - 2 rations
 h - 4 chunks of flesh


   Skills:
 + Level 3.2 Fighting
 * Level 2.6 Axes
 + Level 3.2 Dodging
 + Level 3.1 Shields


You had one spell level left.
You didn't know any spells.
Your spell library was empty.

Dungeon Overview and Level Annotations

Branches:
Dungeon (1/15)

Altars:


Innate Abilities, Weirdness & Mutations

You cannot wear most types of armour.
You are very stealthy in the water. (Stealth+)
You are amphibious.
You can wear up to eight rings at the same time.
You can use your tentacles to constrict eight enemies at once.
Your skin changes colour to match your surroundings (Stealth+).
Your rubbery body absorbs attacks. (AC +1, EV +1)


Message History

Throwing (i - inventory)
e - 3 poisoned tomahawks (quivered)
Press: ? - help, Shift-Dir - straight line, f/p - kobold
Aim: a kobold You throw a poisoned tomahawk.
The poisoned tomahawk hits the kobold.
You kill the kobold!
Throwing (i - inventory)
e - 2 poisoned tomahawks (quivered)
Press: ? - help, Shift-Dir - straight line, f - kobold
Aim: a kobold, wielding a +0 club You throw a poisoned tomahawk.
The poisoned tomahawk barely misses the kobold.
The hobgoblin hits you.
* * * LOW HITPOINT WARNING * * *
The kobold hits you but does no damage.
You hit the hobgoblin.
You kill the hobgoblin!
You completely miss the kobold. The kobold hits you with a +0 club.
* * * LOW HITPOINT WARNING * * *
You closely miss the kobold. Your grab misses the kobold.
The kobold hits you with a +0 club.
You die...

### ... ##### .... .....
....( [# #.#
########(.... .#
#..######......(..... .#
#............K......
.####.........((@†(....(
....##...........†......
..†.................>...
.....#.................?
.....#...##......###.###
.....#......###.... ...
.###.#...#..# #.### ...
## #.#........... ##
#.###.........


You could see a kobold.

Vanquished Creatures
  A leopard gecko (D:1)
  2 giant cockroaches (D:1)
  4 goblins (D:1)
  2 hobgoblins (D:1)
  A jackal (D:1)
  A ball python (D:1)
  A bat (D:1)
  A frilled lizard (D:1)
  3 kobolds (D:1)
  5 rats (D:1)
21 creatures vanquished.

Notes
Turn   | Place    | Note
-------+----------+-------------------------------------------
     0 | D:1      | Ijustatesigmund the Octopode Fighter began the quest for
                  | the Orb.
     0 | D:1      | Reached XP level 1. HP: 16/16 MP: 1/1
    98 | D:1      | Reached XP level 2. HP: 21/21 MP: 2/2
   312 | D:1      | Slain by a kobold

Levels and vault maps discovered:
D:1:      elethiomel_arrival_diamonds, layout_basic, grunt_decor_one_mirror,
          minmay_circled_x

Action                   || total
-------------------------++-------
Melee: War axe           ||    34
       Constrict         ||    11
       Tentacles         ||     2
Throw: Tomahawk          ||     4
  Use: Scroll            ||     1
 Stab: Sleeping          ||     1
Armor: Skin              ||     2
Dodge: Dodged            ||    11
Block: Shield            ||    18

Table legend:
 A = Non-vault XP
 B = Vault XP
 C = Vault XP percentage of total XP
 D = Non-vault monster count
 E = Vault monster count
 F = Vault count percentage of total count
                 A         B        C        D         E       F
            +---------+---------+-------+---------+---------+-------
      Total |      18 |      13 |  41.9 |      12 |       9 |  42.9
            +---------+---------+-------+---------+---------+-------
        D:1 |      18 |      13 |  41.9 |      12 |       9 |  42.9
            +---------+---------+-------+---------+---------+-------
